[Event "Titled Tuesday Blitz January 17 Late 2023"]
[White "Zakhartsov, Vladimir"]
[Black "Averjanov, Alexey"]
[WhiteFideId "4145097"]
[BlackFideId "14109867"]
[WhiteElo "2552"]
[BlackElo "2399"]
[Result "0-1"]
[Round "10"]
[TimeControl "180+2"]
[Date "2023.01.17"]
[WhiteClock "0:01:38"]
[BlackClock "0:01:08"]

1. e4 c6 2. d4 d5 3. Nc3 dxe4 4. Nxe4 Bf5 5. Ng3 Bg6 6. Nf3 Nd7 7. h4 h6 8. h5 Bh7 9. Bd3 Bxd3 10. Qxd3 e6 11. Bf4 Ngf6 12. O-O-O Be7 13. Kb1 O-O 14. Ne4 Nxe4 15. Qxe4 Nf6 16. Qe2 Qd5 17. c4 Qf5+ 18. Ka1 Qxf4 19. Ne5 Rad8 20. Nf3 Qe4 21. Qd2 Rfe8 22. Rh4 Qf5 23. Qe2 c5 24. Ne5 Rxd4 25. Rhxd4 cxd4 26. f3 Qxh5 27. g4 Qg5 28. a3 Rd8 29. Nd3 Qe3 30. Qf1 Rc8 31. Re1 Qd2 32. Rd1 Qa5 33. c5 Bxc5 34. Rc1 Nd7 35. g5 hxg5 36. Qh3 Rc6 37. Rh1 Kf8 38. Qh8+ Ke7 39. Qxg7 Bxa3 40. Kb1 Qf5 41. Rd1 Bxb2 42. f4 gxf4 43. Qh8 Nc5 44. Qh4+ Kd7 0-1


[Site "https://www.chess.com"]

[Event "Titled Tuesday Blitz January 17 Late 2023"]
[White "Injac, Teodora"]
[Black "Tari, Aryan"]
[WhiteFideId "932400"]
[BlackFideId "1510045"]
[WhiteElo "2391"]
[BlackElo "2642"]
[Result "0-1"]
[Round "10"]
[TimeControl "180+2"]
[Date "2023.01.17"]
[WhiteClock "0:00:02"]
[BlackClock "0:00:06"]

1. Nf3 a6 2. d4 b5 3. e4 Bb7 4. Bd3 e6 5. Qe2 Ne7 6. O-O d6 7. a4 b4 8. c3 bxc3 9. Nxc3 Ng6 10. Bd2 Be7 11. a5 O-O 12. Rfc1 Nd7 13. b4 Nh4 14. Nxh4 Bxh4 15. Rab1 c6 16. Be3 Be7 17. f4 e5 18. fxe5 dxe5 19. d5 Bg5 20. Bc4 Bxe3+ 21. Qxe3 Nf6 22. Rd1 cxd5 23. Nxd5 Bxd5 24. Bxd5 Nxd5 25. Rxd5 Qf6 26. Qf2 Qe6 27. Rbd1 Rab8 28. Qd2 h5 29. h3 Rfc8 30. Qg5 Qg6 31. Qxe5 Rxb4 32. Rd6 Rxe4 33. Qd5 Re6 34. Rxe6 fxe6 35. Qb7 Rc2 36. Rd8+ Kh7 37. Qa8 Qf7 38. Rh8+ Kg6 39. Qe4+ Qf5 40. Qa8 Rc1+ 0-1


[Site "https://www.chess.com"]

[Event "Titled Tuesday Blitz January 17 Late 2023"]
[White "Liang, Justin"]
[Black "Hansen, Eric"]
[WhiteFideId "2099942"]
[BlackFideId "2606771"]
[WhiteElo "2052"]
[BlackElo "2609"]
[Result "0-1"]
[Round "10"]
[TimeControl "180+2"]
[Date "2023.01.17"]
[WhiteClock "0:01:41"]
[BlackClock "0:02:16"]

1. d4 Nf6 2. c4 e6 3. Nf3 b6 4. g3 Ba6 5. Nbd2 Bb4 6. Qc2 Bb7 7. Bg2 Be4 8. Qb3 Nc6 9. a3 Bxd2+ 10. Bxd2 Nxd4 11. Nxd4 Bxg2 12. Rg1 Bb7 13. O-O-O Ne4 14. Be3 O-O 15. f3 Nc5 16. Qc2 a5 17. Bf4 d6 18. e4 e5 19. Bxe5 dxe5 20. Ne6 Qf6 21. Nxf8 Rxf8 22. Qc3 Ne6 23. Rd3 Nd4 24. Re1 c5 25. Kb1 a4 26. Rf1 Bxe4 0-1


[Site "https://www.chess.com"]

[Event "Titled Tuesday Blitz January 17 Late 2023"]
[White "Leiva, Gianmarco"]
[Black "Zhigalko, Sergei"]
[WhiteFideId "3804399"]
[BlackFideId "13502956"]
[WhiteElo "2392"]
[BlackElo "2572"]
[Result "0-1"]
[Round "10"]
[TimeControl "180+2"]
[Date "2023.01.17"]
[WhiteClock "0:00:02"]
[BlackClock "0:00:03"]

1. e4 c5 2. Nf3 Nc6 3. Bb5 Nf6 4. Nc3 Qc7 5. O-O Nd4 6. Re1 a6 7. Bf1 Ng4 8. e5 h5 9. Nd5 Qc6 10. Nxd4 cxd4 11. c4 e6 12. Nf4 d6 13. Nxh5 Nxe5 14. d3 b6 15. Ng3 Bb7 16. b4 Be7 17. Bb2 Rh4 18. Re4 Rxe4 19. Nxe4 d5 20. Bxd4 dxe4 21. Bxe5 O-O-O 22. b5 Qd7 23. bxa6 Bxa6 24. d4 f6 25. Bf4 Bc5 26. Be3 Bxd4 27. Bxd4 Qxd4 28. Qc1 Kc7 29. Rb1 Bb7 30. Rb5 Bc6 31. Rb3 Ra8 32. Rg3 g5 33. a3 Rd8 34. h4 gxh4 35. Qf4+ Qe5 36. Qxh4 Rd1 37. Rg7+ Bd7 38. Qh5 Qxh5 0-1


[Site "https://www.chess.com"]

[Event "Titled Tuesday Blitz January 17 Late 2023"]
[White "Baskakov, Egor"]
[Black "Odegov, Artem"]
[WhiteFideId "24197866"]
[BlackFideId "34183644"]
[WhiteElo "2215"]
[BlackElo "2261"]
[Result "1-0"]
[Round "10"]
[TimeControl "180+2"]
[Date "2023.01.17"]
[WhiteClock "0:00:41"]
[BlackClock "0:00:02"]

1. e4 c5 2. Nf3 d6 3. d4 cxd4 4. Nxd4 Nf6 5. Nc3 a6 6. a4 e5 7. Nde2 Be6 8. g3 d5 9. exd5 Nxd5 10. Bg2 Nxc3 11. Qxd8+ Kxd8 12. Nxc3 Nc6 13. Be3 Bb4 14. Bb6+ Ke7 15. O-O-O Bxc3 16. bxc3 f6 17. Rhe1 Kf7 18. f4 Rac8 19. a5 Rhe8 20. Rd6 Bc4 21. Bh3 Be6 22. Bg2 Bc4 23. Kb2 exf4 24. Rd7+ Kg6 25. Rxe8 Rxe8 26. Rxb7 fxg3 27. Bxc6 Re6 28. Bf3 gxh2 29. Bc7 Re2 30. Rb4 Bd3 31. Rh4 Rxc2+ 32. Kb3 Rf2 33. Ba8 Bc2+ 34. Kb4 Kg5 35. Rxh2 Rxh2 36. Bxh2 f5 37. c4 f4 38. Bb7 Bd3 39. Bxa6 f3 40. Bg3 Kg4 41. Bf2 h5 42. Bc8+ Kf4 43. a6 Be4 44. Bb7 g5 45. Bxe4 Kxe4 46. a7 1-0


[Site "https://www.chess.com"]

[Event "Titled Tuesday Blitz January 17 Late 2023"]
[White "Quispe Arteaga, Gabriel"]
[Black "Martinez Reyes, Pedro Ramon"]
[WhiteFideId "32059809"]
[BlackFideId "3901807"]
[WhiteElo "2381"]
[BlackElo "2376"]
[Result "1-0"]
[Round "10"]
[TimeControl "180+2"]
[Date "2023.01.17"]
[WhiteClock "0:01:07"]
[BlackClock "0:00:21"]

1. c4 e6 2. Nc3 d5 3. d4 Nf6 4. cxd5 exd5 5. Bg5 c6 6. e3 Bf5 7. Qf3 Bg6 8. Bxf6 Qxf6 9. Qxf6 gxf6 10. Kd2 Nd7 11. Bd3 Bd6 12. Nge2 O-O-O 13. h4 h6 14. h5 Bxd3 15. Kxd3 Nb6 16. b3 Rhg8 17. g3 Rg5 18. f4 Rg4 19. Nd1 f5 20. Nf2 Rg7 21. g4 fxg4 22. Ng3 Bf8 23. Rag1 Nd7 24. Nf5 Rg8 25. Nxg4 Rh8 26. Ne5 Nxe5+ 27. fxe5 Kd7 28. Rf1 Ke6 29. Rhg1 a6 30. Rf3 a5 31. a4 b5 32. axb5 cxb5 33. Rc1 Kd7 34. e4 dxe4+ 35. Kxe4 a4 36. bxa4 bxa4 37. Kd5 a3 38. Nd6 Bxd6 39. exd6 Ke8 40. Rxa3 Rg8 41. Ra7 Rg5+ 42. Kc6 Kf8 43. Rf1 Rg7 44. Kc7 Re8 45. d7 f5 46. Rxf5+ Rf7 47. Rxf7+ Kxf7 48. dxe8=Q+ Kxe8 49. Kd6 Kf8 50. Ke6 Kg8 51. Re7 Kh8 52. d5 Kg8 53. d6 Kh8 54. d7 Kg8 55. d8=Q# 1-0


[Site "https://www.chess.com"]

[Event "Titled Tuesday Blitz January 17 Late 2023"]
[White "Pasti, Aron"]
[Black "Fernandez Guillen, Ernesto J."]
[WhiteFideId "785857"]
[BlackFideId "3512428"]
[WhiteElo "2361"]
[BlackElo "2477"]
[Result "1-0"]
[Round "10"]
[TimeControl "180+2"]
[Date "2023.01.17"]
[WhiteClock "0:00:33"]
[BlackClock "0:01:00"]

1. e4 c5 2. Nf3 d6 3. d4 cxd4 4. Nxd4 Nf6 5. Nc3 a6 6. Bg5 e6 7. f4 Qb6 8. e5 h6 9. Bh4 g5 10. exf6 gxh4 11. Qd2 Nc6 12. Nb3 h5 13. O-O-O Rh6 14. Qe1 Bd7 15. Nd5 Qd8 16. f5 e5 17. Qxh4 Rh8 18. g4 a5 19. a4 Nb4 20. g5 Bxa4 21. g6 Bh6+ 22. Kb1 Qc8 23. Nxb4 axb4 24. g7 Rg8 25. Qxb4 Qc6 26. Rxd6 Qxh1 27. Rd1 1-0


[Site "https://www.chess.com"]

[Event "Titled Tuesday Blitz January 17 Late 2023"]
[White "Tanenbaum, Zachary"]
[Black "Timmermans, Mark"]
[WhiteFideId "2060850"]
[BlackFideId "1026399"]
[WhiteElo "2261"]
[BlackElo "2392"]
[Result "0-1"]
[Round "10"]
[TimeControl "180+2"]
[Date "2023.01.17"]
[WhiteClock "0:00:06"]
[BlackClock "0:01:18"]

1. e4 e5 2. Nf3 Nc6 3. Bc4 Nf6 4. d3 Be7 5. O-O O-O 6. Re1 d6 7. a4 Kh8 8. Nc3 Ng8 9. Nd5 f5 10. h3 Bf6 11. c3 Nce7 12. Nxf6 Nxf6 13. Ng5 Qe8 14. Ne6 Bxe6 15. Bxe6 fxe4 16. dxe4 Qg6 17. Bb3 Nh5 18. Qg4 Nf4 19. Qxg6 Nexg6 20. Bc4 Nh4 21. Bf1 Nxh3+ 22. Kh2 Nxf2 23. Kg3 Ng6 24. Bc4 h5 25. Bg5 Ng4 26. Rh1 Nf4 27. Rh4 g6 28. Be7 Rfe8 29. Bg5 Kg7 30. Bxf4 exf4+ 31. Kxf4 Rf8+ 32. Kg3 Rae8 33. Bd3 Re5 34. Rhh1 Nf2 35. Bc2 Rg5+ 36. Kh2 Nxh1 37. Kxh1 Rf2 38. Bb3 Rgxg2 0-1


[Site "https://www.chess.com"]

[Event "Titled Tuesday Blitz January 17 Late 2023"]
[White "Papayan, Oleg"]
[Black "Reprintsev, Alexander"]
[WhiteFideId "4193911"]
[BlackFideId "14100541"]
[WhiteElo "2253"]
[BlackElo "2253"]
[Result "0-1"]
[Round "10"]
[TimeControl "180+2"]
[Date "2023.01.17"]
[WhiteClock "0:00:03"]
[BlackClock "0:00:57"]

1. e4 d5 2. exd5 Qxd5 3. Nc3 Qa5 4. d4 Nf6 5. Nf3 Nc6 6. Bb5 Ne4 7. Bxc6+ bxc6 8. O-O Nxc3 9. Qd2 Bg4 10. Qxc3 Qxc3 11. bxc3 Bxf3 12. gxf3 e6 13. Rb1 Kd7 14. Bf4 Bd6 15. Bxd6 Kxd6 16. Rb7 Rhc8 17. Rfb1 c5 18. Kf1 cxd4 19. cxd4 Kc6 20. Ke2 Rd8 21. Ke3 Rd5 22. R7b3 Kd7 23. Rc3 Rd6 24. Rbb3 Rb6 25. Rc5 c6 26. Ra5 Rxb3+ 27. axb3 a6 28. Ke4 Kc7 29. c4 Kb6 30. Rg5 g6 31. h4 a5 32. h5 a4 33. bxa4 Rxa4 34. hxg6 hxg6 35. c5+ Kb5 36. Rg1 Rb4 37. Ke5 Rb3 38. f4 Rb2 39. Kf6 Rxf2 40. Kxf7 Rxf4+ 41. Kxe6 Rxd4 42. Rxg6 Kxc5 43. Rg5+ Kb4 44. Rg1 c5 45. Rb1+ Ka4 46. Ra1+ Kb5 47. Rb1+ Rb4 48. Rc1 Re4+ 49. Kd5 Rd4+ 50. Ke5 Rd2 51. Rb1+ Ka4 52. Rc1 Kb4 53. Rb1+ Kc4 54. Rc1+ Kb5 55. Rb1+ Kc6 56. Rc1 Rd3 57. Ke4 Rd7 58. Ke3 Rd4 59. Rc2 Kd5 60. Rc1 c4 61. Ra1 Rd3+ 62. Ke2 Kd4 63. Ra8 Kc3 64. Ra1 Kb2 65. Ra4 Kb3 66. Ra1 Rd6 67. Rb1+ Kc2 68. Ra1 c3 69. Ra2+ Kb3 70. Ra1 c2 71. Ra8 c1=Q 0-1


[Site "https://www.chess.com"]

[Event "Titled Tuesday Blitz January 17 Late 2023"]
[White "Bikuzhin, Maksim"]
[Black "Arenas, David"]
[WhiteFideId "24128015"]
[BlackFideId "4403177"]
[WhiteElo "2279"]
[BlackElo "2426"]
[Result "1/2-1/2"]
[Round "10"]
[TimeControl "180+2"]
[Date "2023.01.17"]
[WhiteClock "0:00:11"]
[BlackClock "0:00:10"]

1. e4 c5 2. Nc3 d6 3. f4 g6 4. Nf3 Bg7 5. Bc4 Nc6 6. O-O e6 7. d3 Nge7 8. Qe1 O-O 9. f5 gxf5 10. Qh4 fxe4 11. dxe4 Ng6 12. Qh5 Qe7 13. Be3 Nce5 14. Be2 Nxf3+ 15. Qxf3 Bd4 16. Rad1 Bxe3+ 17. Qxe3 Bd7 18. Rf3 Bc6 19. Rh3 f6 20. Qh6 Ne5 21. Rxd6 Rf7 22. Rd1 Rg7 23. Qe3 Kh8 24. Rg3 Rxg3 25. Qxg3 Rd8 26. Qe3 Rxd1+ 27. Nxd1 Qd6 28. c3 b6 29. Nf2 Ng6 30. Nd3 Kg7 31. g3 Bb5 32. Kf2 Bxd3 33. Bxd3 Ne5 34. Be2 Nc6 35. Qd3 Qxd3 36. Bxd3 Ne5 37. Be2 Kf7 38. Ke3 Ke7 39. h4 Kd6 40. Kf4 Ng6+ 41. Ke3 Ke5 42. Bc4 Ne7 43. b4 cxb4 44. cxb4 Nc8 45. a3 Nd6 46. Bd3 a5 47. bxa5 bxa5 48. a4 Nb7 49. Bb1 Nc5 50. Bc2 h6 51. g4 Nb7 52. Bb1 Nd6 53. Bd3 Nc8 54. Bb1 Nb6 55. Bc2 Nd7 56. Bb1 Kd6 57. Kd4 Ne5 58. h5 Nxg4 59. Kc4 Kc6 60. Kd4 Ne5 61. Bc2 Nf3+ 62. Kc4 Ng5 63. Kd4 Nh3 64. Ke3 e5 65. Kf3 Kc5 66. Kg4 Nf4 67. Bd1 Kd4 68. Kf5 Nd3 69. Bf3 Nf2 70. Kxf6 Nxe4+ 71. Kg6 Ng3 72. Kxh6 e4 73. Bg4 e3 74. Kg6 Nxh5 75. Bxh5 Kd3 76. Kf6 e2 77. Bxe2+ Kxe2 78. Ke5 Kd3 79. Kd5 Kc3 80. Kc5 Kd3 81. Kb5 Kd4 82. Kxa5 Kc5 83. Ka6 Kc6 84. Ka5 Kc7 85. Ka6 Kb8 86. Ka5 Ka8 87. Ka6 Kb8 88. Ka5 Ka8 89. Ka6 Kb8 1/2-1/2


[Site "https://www.chess.com"]

[Event "Titled Tuesday Blitz January 17 Late 2023"]
[White "Fiorito, Joaquin"]
[Black "Vakhlamov, Igor L."]
[WhiteFideId "180173"]
[BlackFideId "24126748"]
[WhiteElo "2405"]
[BlackElo "2413"]
[Result "1-0"]
[Round "10"]
[TimeControl "180+2"]
[Date "2023.01.17"]
[WhiteClock "0:01:45"]
[BlackClock "0:00:03"]

1. d4 d5 2. Nc3 Bf5 3. Bf4 e6 4. f3 Nf6 5. g4 Bg6 6. h4 h6 7. Qd2 c5 8. Nb5 Na6 9. e3 Rc8 10. c3 c4 11. Nxa7 Ra8 12. Nb5 Be7 13. Bg3 O-O 14. Nh3 Qa5 15. a4 Nd7 16. Nf4 Bh7 17. g5 hxg5 18. hxg5 Bxg5 19. Qh2 Bh6 20. Rg1 Kh8 21. Bh4 e5 22. Nxd5 exd4 23. exd4 Rfe8+ 24. Kd1 Nb6 25. Bf6 Nxd5 26. Qxh6 Ne3+ 27. Kc1 gxf6 28. Qg7# 1-0


[Site "https://www.chess.com"]

[Event "Titled Tuesday Blitz January 17 Late 2023"]
[White "Ivanisevic, Ivan"]
[Black "Nefedov, Sergey"]
[WhiteFideId "912417"]
[BlackFideId "24113417"]
[WhiteElo "2532"]
[BlackElo "2300"]
[Result "0-1"]
[Round "10"]
[TimeControl "180+2"]
[Date "2023.01.17"]
[WhiteClock "0:00:04"]
[BlackClock "0:00:26"]

1. c4 g6 2. d4 Bg7 3. Nc3 e6 4. e4 Ne7 5. h4 h6 6. f4 d5 7. e5 Nbc6 8. Nf3 h5 9. Be3 Nf5 10. Bf2 O-O 11. Bd3 dxc4 12. Bxc4 a6 13. d5 Na5 14. Be2 exd5 15. Qxd5 Nc6 16. O-O-O Be6 17. Qc5 Qe7 18. Ng5 Rfd8 19. Qxe7 Ncxe7 20. Nxe6 fxe6 21. Bc4 Kf7 22. Ne4 Bh6 23. Ng5+ Bxg5 24. hxg5 Nd5 25. g4 hxg4 26. Rh7+ Ng7 27. Bxd5 Rxd5 28. Rxd5 exd5 29. e6+ Kg8 30. Rh6 Re8 31. Rxg6 Rxe6 32. Rxe6 Nxe6 33. Bg3 c5 34. Kd2 Ng7 35. Bf2 b6 36. b4 Ne6 37. bxc5 bxc5 38. Ke3 Kf7 39. f5 Nxg5 40. Kf4 Ne4 41. Be3 Kf6 42. Kxg4 d4 43. Bf4 c4 0-1


[Site "https://www.chess.com"]

[Event "Titled Tuesday Blitz January 17 Late 2023"]
[White "Cori T., Deysi"]
[Black "Leitao, Rafael"]
[WhiteFideId "3801934"]
[BlackFideId "2101246"]
[WhiteElo "2362"]
[BlackElo "2592"]
[Result "1/2-1/2"]
[Round "10"]
[TimeControl "180+2"]
[Date "2023.01.17"]
[WhiteClock "0:00:12"]
[BlackClock "0:00:05"]

1. d4 Nf6 2. Nf3 g6 3. g3 Bg7 4. Bg2 O-O 5. O-O d6 6. b3 c5 7. Bb2 cxd4 8. Nxd4 d5 9. c4 dxc4 10. bxc4 Qb6 11. Nb3 Nc6 12. Nc3 Rd8 13. Qc1 Be6 14. Na4 Qc7 15. Nac5 Bg4 16. Qe3 Bf5 17. h3 h5 18. Rad1 Rxd1 19. Rxd1 Rd8 20. Rxd8+ Nxd8 21. Be5 Qc8 22. Qd4 Nc6 23. Bxc6 Qxc6 24. Qd8+ Kh7 25. Qxe7 Bxh3 26. f3 b6 27. Nd3 Qe6 28. Qxa7 Nd7 29. Nd4 Qe8 30. Bxg7 Kxg7 31. Kf2 Be6 32. Qa4 Qe7 33. Qc6 Bh3 34. Nf4 Ne5 35. Qd5 Bd7 36. Qe4 h4 37. Nd3 Nxd3+ 38. Qxd3 hxg3+ 39. Kxg3 Qg5+ 40. Kf2 Qh4+ 41. Ke3 Qg5+ 42. Kf2 Qh4+ 43. Ke3 Qg5+ 44. Kf2 1/2-1/2


[Site "https://www.chess.com"]

[Event "Titled Tuesday Blitz January 17 Late 2023"]
[White "Nazari, Arad"]
[Black "Martynov, Pavel"]
[WhiteFideId "12577324"]
[BlackFideId "4101260"]
[WhiteElo "2367"]
[BlackElo "2414"]
[Result "1-0"]
[Round "10"]
[TimeControl "180+2"]
[Date "2023.01.17"]
[WhiteClock "0:01:01"]
[BlackClock "0:00:05"]

1. e4 c5 2. Nf3 e6 3. b3 d5 4. Bb5+ Bd7 5. Bxd7+ Qxd7 6. exd5 Qxd5 7. Nc3 Qd8 8. O-O Nc6 9. Bb2 Nf6 10. Qe2 Be7 11. Ne4 O-O 12. Rad1 Nxe4 13. Qxe4 Bf6 14. Ba3 Qa5 15. Qa4 Qxa4 16. bxa4 b6 17. Rfe1 Rfd8 18. d3 Nd4 19. Nxd4 Rxd4 20. Re4 Rad8 21. Rde1 c4 22. Rxd4 Rxd4 23. Re4 cxd3 24. Rxd4 Bxd4 25. cxd3 f6 26. Bb4 a5 27. Bd2 e5 28. Be3 Kf7 29. Kf1 Ke6 30. Ke2 Kd5 31. Kd2 Kc5 32. a3 b5 33. Bxd4+ exd4 34. axb5 Kxb5 35. Kc2 a4 36. Kd2 Kc5 37. Ke2 Kd5 38. Kf3 Ke5 39. Kg4 g6 40. f4+ Ke6 41. f5+ Ke5 42. fxg6 hxg6 43. h4 Ke6 44. Kf4 f5 45. Kg5 Ke5 46. g3 1-0


[Site "https://www.chess.com"]

[Event "Titled Tuesday Blitz January 17 Late 2023"]
[White "Janaszak, Dawid"]
[Black "Djordjevic, Vuk"]
[WhiteFideId "1119206"]
[BlackFideId "902098"]
[WhiteElo "2316"]
[BlackElo "2375"]
[Result "1/2-1/2"]
[Round "10"]
[TimeControl "180+2"]
[Date "2023.01.17"]
[WhiteClock "0:00:10"]
[BlackClock "0:00:05"]

1. e4 d5 2. Nc3 d4 3. Nce2 e5 4. Nf3 f6 5. c3 c5 6. cxd4 cxd4 7. Ng3 Be6 8. Bb5+ Nd7 9. O-O Bd6 10. Nf5 Bf8 11. Re1 g6 12. N5xd4 exd4 13. Nxd4 Qb6 14. Nxe6 Qxe6 15. e5 fxe5 16. Qa4 Ne7 17. d4 Bg7 18. Bg5 h6 19. Bxe7 Qxe7 20. dxe5 a6 21. e6 O-O 22. Bxd7 Bxb2 23. Rab1 b5 24. Qc2 Bg7 25. Qxg6 Rf6 26. Qe4 Raf8 27. f3 Rf4 28. Qc6 Rh4 29. Qc7 Rc4 30. Qg3 Rc2 31. Rbd1 Kh8 32. Re4 Rxa2 33. Rg4 Qc5+ 34. Kh1 Qe7 35. h3 Re2 36. Rg6 Rf6 37. Qg4 Rxg6 38. Qxg6 Qf6 39. Qxf6 Bxf6 40. Rc1 b4 41. Rb1 Bc3 42. f4 Kg7 43. Kg1 Kf6 44. Kf1 Re4 45. g3 a5 46. Kf2 Rd4 47. Ke3 Rd6 48. g4 Ra6 49. Ba4 Rxe6+ 50. Kf3 Rd6 51. h4 Rd3+ 52. Ke4 Rd4+ 53. Ke3 Rd5 54. g5+ hxg5 55. hxg5+ Kg7 56. Ke4 Rd4+ 57. Ke3 Rd5 58. Ke4 Rd4+ 59. Ke3 Rc4 60. f5 Rc5 61. Ke4 Bd2 62. f6+ Kg6 63. Rf1 Bxg5 64. f7 Be7 65. f8=Q Bxf8 66. Rxf8 Rc3 67. Ra8 Rc5 68. Kd4 Rg5 69. Kc4 Kf6 70. Bb5 Rg4+ 71. Kb3 Rg3+ 72. Kb2 Ra3 73. Rc8 Ke5 74. Rc1 Rf3 75. Ra1 Kd4 76. Rxa5 Re3 77. Bd7 Rc3 78. Be6 Re3 79. Rd5+ Ke4 80. Rd6 Ke5 81. Rb6 Kd4 82. Bb3 Kc5 83. Rb8 Re2+ 84. Bc2 Re3 85. Rc8+ Kb5 86. Bb3 Re2+ 87. Kc1 Re3 88. Kc2 Rc3+ 89. Rxc3 bxc3 90. Kxc3 1/2-1/2


[Site "https://www.chess.com"]

[Event "Titled Tuesday Blitz January 17 Late 2023"]
[White "Iliaguev, Nisim"]
[Black "Yurovskykh, Oleksandr"]
[WhiteFideId "2817276"]
[BlackFideId "14134020"]
[WhiteElo "2402"]
[BlackElo "2328"]
[Result "1-0"]
[Round "10"]
[TimeControl "180+2"]
[Date "2023.01.17"]
[WhiteClock "0:00:14"]
[BlackClock "0:00:01"]

1. d4 g6 2. Nf3 Bg7 3. g3 d6 4. Bg2 Nd7 5. O-O e5 6. dxe5 Nxe5 7. Nxe5 Bxe5 8. c4 Bg7 9. Nc3 Nf6 10. Bg5 h6 11. Bf4 O-O 12. Qb3 Rb8 13. Rfd1 Qe7 14. Rac1 Be6 15. Be3 b6 16. Nd5 Qd8 17. Bd4 c5 18. Bc3 Nxd5 19. Bxd5 Qe7 20. Bxg7 Kxg7 21. Qc3+ f6 22. e3 Bxd5 23. Rxd5 Rbd8 24. Rcd1 Rd7 25. a4 Qe6 26. a5 Rb8 27. axb6 axb6 28. Qb3 Kf7 29. Qb5 Ke7 30. b4 Rdd8 31. h4 Qd7 32. bxc5 bxc5 33. Qa5 Ra8 34. Qc3 Qe6 35. Qd2 h5 36. e4 Rd7 37. Qh6 Qf7 38. Qf4 Qe6 39. Rb1 Rad8 40. Rb6 Kf7 41. Qh6 Qxe4 42. Rb3 Qxc4 43. Rbd3 Qe4 44. Kh2 c4 45. R3d4 Qe6 46. Qh7+ Kf8 47. Qxg6 Qf7 48. Qh6+ Qg7 49. Qf4 c3 50. Rxh5 c2 51. Rf5 Rc7 52. Rxf6+ Kg8 53. Rfxd6 Rxd6 54. Rxd6 c1=Q 55. Rd8+ Kh7 56. Qf5+ 1-0


[Site "https://www.chess.com"]

[Event "Titled Tuesday Blitz January 17 Late 2023"]
[White "Mirzoev, Azer"]
[Black "Hirneise, Jens"]
[WhiteFideId "13400304"]
[BlackFideId "24614734"]
[WhiteElo "2416"]
[BlackElo "2277"]
[Result "1-0"]
[Round "10"]
[TimeControl "180+2"]
[Date "2023.01.17"]
[WhiteClock "0:00:26"]
[BlackClock "0:00:03"]

1. c4 e6 2. Nc3 d5 3. e3 Nf6 4. d4 Bb4 5. Nf3 c5 6. cxd5 Nxd5 7. Bd2 Bxc3 8. bxc3 cxd4 9. cxd4 O-O 10. Bd3 Nc6 11. O-O Nf6 12. Qb1 b6 13. e4 Nxd4 14. Nxd4 Qxd4 15. Be3 Qe5 16. f4 Qh5 17. Rf3 Bb7 18. Rh3 Qg6 19. Rg3 Qh5 20. Rg5 Qh4 21. g3 Qh3 22. Bf1 Qh6 23. Bg2 Rfd8 24. a4 Rac8 25. a5 Rc3 26. Bf2 Rcd3 27. axb6 Nxe4 28. bxa7 Ba8 29. Bxe4 Bxe4 30. a8=Q Bxa8 31. Rxa8 Rxa8 32. Qxd3 Qh3 33. Qf1 Qh6 34. h4 Qf6 35. Re5 Qg6 36. Qg2 Rb8 37. Kh2 h5 38. Qf3 Rb2 39. Kg2 Qc2 40. Re1 g6 41. Qe3 Rb3 42. Qe4 Qc3 43. Re3 Qb2 44. Rxb3 Qxb3 45. Qf3 Qb8 46. Qe4 Qb2 47. Qe5 Qb3 48. Kh2 Qc2 49. Qd4 Qe2 50. Kg2 Qb5 51. Qd8+ Kg7 52. Qg5 Qd5+ 53. Qxd5 exd5 54. Kf3 f6 55. Bd4 Kf7 56. f5 gxf5 57. Kf4 Ke6 58. Bc3 1-0


[Site "https://www.chess.com"]

[Event "Titled Tuesday Blitz January 17 Late 2023"]
[White "Lopez Gracia, Fernando"]
[Black "Weetik, Vjacheslav"]
[WhiteFideId "2207184"]
[BlackFideId "4153472"]
[WhiteElo "2255"]
[BlackElo "2423"]
[Result "1-0"]
[Round "10"]
[TimeControl "180+2"]
[Date "2023.01.17"]
[WhiteClock "0:01:30"]
[BlackClock "0:00:02"]

1. c4 c6 2. d4 d5 3. cxd5 cxd5 4. Bf4 Nc6 5. e3 Nf6 6. Nc3 a6 7. Be2 Bf5 8. Nf3 Rc8 9. O-O e6 10. Qb3 b5 11. Rfc1 Nd7 12. Nxb5 axb5 13. Bxb5 Na5 14. Bxd7+ Qxd7 15. Rxc8+ Qxc8 16. Qb5+ Qc6 17. Qxa5 f6 18. e4 Bxe4 19. Rc1 Qd7 20. Rc7 1-0


[Site "https://www.chess.com"]

[Event "Titled Tuesday Blitz January 17 Late 2023"]
[White "Klose, Eli"]
[Black "Tokhirjonova, Gulrukhbegim"]
[WhiteFideId "16242955"]
[BlackFideId "14203626"]
[WhiteElo "1519"]
[BlackElo "2340"]
[Result "1-0"]
[Round "10"]
[TimeControl "180+2"]
[Date "2023.01.17"]
[WhiteClock "0:02:11"]
[BlackClock "0:00:53"]

1. e4 e5 2. Nf3 Nc6 3. d4 exd4 4. Bc4 Bc5 5. Ng5 Nh6 6. Nxf7 Nxf7 7. Bxf7+ Kxf7 8. Qh5+ g6 9. Qxc5 d6 10. Qb5 Re8 11. O-O Rxe4 12. Qd5+ Re6 13. Nd2 Kf8 14. Nf3 Qf6 15. Bh6+ Ke8 16. Rfe1 Bd7 17. Ng5 Ne5 18. f4 Re7 19. Qg8+ 1-0


[Site "https://www.chess.com"]

[Event "Titled Tuesday Blitz January 17 Late 2023"]
[White "Kleiman, Jake"]
[Black "Haszon, David"]
[WhiteFideId "2020041"]
[BlackFideId "733610"]
[WhiteElo "2399"]
[BlackElo "2264"]
[Result "1-0"]
[Round "10"]
[TimeControl "180+2"]
[Date "2023.01.17"]
[WhiteClock "0:01:53"]
[BlackClock "0:00:54"]

1. e4 c5 2. c3 Nf6 3. e5 Nd5 4. Bc4 Qc7 5. Nf3 Nb6 6. Bb3 c4 7. Bc2 d6 8. exd6 Qxd6 9. Qe2 Nc6 10. Na3 Qd5 11. Be4 Qc5 12. b3 Be6 13. Rb1 cxb3 14. axb3 a6 15. O-O g6 16. b4 Qh5 17. b5 axb5 18. Rxb5 1-0


[Site "https://www.chess.com"]

[Event "Titled Tuesday Blitz January 17 Late 2023"]
[White "Rosen, Eric"]
[Black "Mazurkiewicz, Michal"]
[WhiteFideId "2032562"]
[BlackFideId "1124943"]
[WhiteElo "2349"]
[BlackElo "2145"]
[Result "1-0"]
[Round "10"]
[TimeControl "180+2"]
[Date "2023.01.17"]
[WhiteClock "0:00:42"]
[BlackClock "0:00:05"]

1. d4 Nf6 2. Bf4 g6 3. Nc3 Bg7 4. e4 O-O 5. e5 Ne8 6. Qe2 d6 7. O-O-O a6 8. h4 b5 9. h5 Bb7 10. Qg4 b4 11. Nce2 Be4 12. Ng3 gxh5 13. Nxh5 Bg6 14. Bd3 Qd7 15. Qh4 Qe6 16. d5 Qxd5 17. Bxg6 Qxa2 18. Bxh7+ Kh8 19. Bd3 Qa1+ 20. Kd2 1-0


[Site "https://www.chess.com"]

[Event "Titled Tuesday Blitz January 17 Late 2023"]
[White "Megalios, Konstantinos"]
[Black "Medeiros,Thauane Ferreira"]
[WhiteFideId "4238044"]
[BlackFideId "2134470"]
[WhiteElo "2372"]
[BlackElo "1854"]
[Result "1-0"]
[Round "10"]
[TimeControl "180+2"]
[Date "2023.01.17"]
[WhiteClock "0:00:05"]
[BlackClock "0:00:01"]

1. e4 e5 2. Nf3 Nc6 3. Bb5 Nf6 4. d3 Bc5 5. Bxc6 dxc6 6. Nbd2 Be6 7. O-O Bd6 8. b3 O-O 9. Nc4 Bxc4 10. bxc4 h6 11. Bb2 Re8 12. Qe2 Qe7 13. a4 Nd7 14. Kh1 Nc5 15. g3 a5 16. Nh4 Qe6 17. f4 Nd7 18. f5 Qe7 19. Nf3 f6 20. Nh4 Reb8 21. Ng6 Qf7 22. Bc1 b5 23. axb5 cxb5 24. cxb5 Rxb5 25. Bd2 Bb4 26. Be3 a4 27. d4 Rba5 28. d5 a3 29. Qc4 Bd6 30. Rfb1 Nf8 31. Nh4 Kh7 32. Rb7 Ra4 33. Qd3 Qe8 34. c4 Nd7 35. Nf3 Nc5 36. Bxc5 Bxc5 37. Rxc7 Bd6 38. Rc6 Bb4 39. Nh4 Qh5 40. Ra2 Qg4 41. Kg2 Qh5 42. h3 Bf8 43. Nf3 Rb4 44. g4 Qe8 45. Kg3 Rb2 46. Rxb2 axb2 47. Rb6 Rb8 48. Qb3 Rxb6 49. Qxb6 Ba3 50. d6 Qa4 51. c5 1-0


[Site "https://www.chess.com"]